Map: Reactor de escoria

Players

MrFercho

  • Race: Terran Terran
  • Spawn Location: 5:00

tigro

  • Race: Terran Terran
  • Spawn Location: 3:00

VOD

Have the link to the VOD?

Description

Time

  • Played on: Oct. 1, 2018, 10:05 a.m.
  • Length: 2:32
Show
View Real Time Build Order
Export as new Build Order

MrFercho Terran 

Build Orders:  

Get SALT Encoding   

  12  0:03  SCV  
  13  0:20  Supply Depot  
  13  0:21  SCV  
  14  0:30  Refinery  
  14  0:37  Refinery  
  14  0:40  SCV  
  15  0:52  SCV  
  16  1:04  SCV  
  16  1:10  Barracks  
  17  1:17  SCV  
  18  1:29  SCV  
  19  2:12  Engineering Bay  
Show
View Real Time Build Order
Export as new Build Order

tigro Terran 

Build Orders:  

Get SALT Encoding   

  12  0:08  SCV  
  13  0:20  SCV  
  14  0:22  Refinery  
  14  0:31  Refinery  
  14  0:47  SCV  
  15  1:06  Supply Depot  
  15  1:27  SCV  
  15  1:29  Supply Depot  
  16  1:35  Barracks  
Tags
 
Matchup
TvT
Race
Terran
Replay Pack
MrFercho
Spawn Locations
Close Positions
Add a new tag
Caveats
  • Supply blocks, unpowered buildings, or Contaminate may cause inaccurate times.
  • Supply counts are checked every 10 seconds.